 Dungeon Crawl Stone Soup version 0.21.1-1-g345015f (webtiles) character file.

3795 t7DKbSm the Cleaver (level 9, -5/84 HPs)
             Began as a Minotaur Berserker on May 26, 2018.
             Was an Elder of Trog.
             Slain by a bullfrog (7 damage)
             ... on level 9 of the Dungeon.
             The game lasted 00:21:58 (6899 turns).

t7DKbSm the Cleaver (Minotaur Berserker)            Turns: 6899, Time: 00:21:58

Health: -5/84      AC:  9    Str: 29    XL:     9   Next: 96%
Magic:  8/8        EV: 14    Int:  4    God:    Trog [****..]
Gold:   510        SH:  0    Dex: 13    Spells: 8/8 levels left

rFire    + . .     SeeInvis .   H - +5 battleaxe
rCold    . . .     Gourm    .   (shield currently unavailable)
rNeg     . . .     Faith    .   z - +3 ring mail of Dauwe {Str+3}
rPois    +         Spirit   .   (helmet restricted)
rElec    .         Reflect  .   (no cloak)
rCorr    .         Harm     .   (no gloves)
MR       .....                  (no boots)
Stlth    +.........             (no amulet)
HPRegen  0.24/turn              s - ring of poison resistance
MPRegen  0.11/turn              L - ring "Duozeps" {rF+ Str+2 Dex+2}

@: hasted, drained, very quick
A: retaliatory headbutt, horns 2
a: Berserk, Trog's Hand, Brothers in Arms, Burn Spellbooks, Renounce Religion


You were on level 9 of the Dungeon.
You worshipped Trog.
Trog was greatly pleased with you.
You were not hungry.

You visited 1 branch of the dungeon, and saw 9 of its levels.

You collected 510 gold pieces.

Inventory:

Hand Weapons
 b - a +0 hand axe of flaming
 u - a +0 blowgun
 F - a +2 dire flail of holy wrath
 H - a +5 battleaxe (weapon)
 M - a +4 morningstar
Missiles
 g - 29 poisoned needles
 K - a throwing net (quivered)
Armour
 z - the +3 ring mail of Dauwe (worn) {Str+3}
   (You found it on level 4 of the Dungeon)

   It affects your strength (+3).
 G - the +0 leather armour "Atan" {rC+ MR+}
   (You found it on level 6 of the Dungeon)

   It protects you from cold.
   It affects your resistance to hostile enchantments.
Jewellery
 s - a ring of poison resistance (left hand)
 I - an uncursed ring of fire {unknown}
 L - the ring "Duozeps" (right hand) {rF+ Str+2 Dex+2}
   (You found it on level 8 of the Dungeon)

   [ring of protection from fire]

   It affects your strength (+2).
   It affects your dexterity (+2).
   It protects you from fire.
Wands
 n - a wand of enslavement (14)
 N - a wand of flame (25)
Scrolls
 a - a scroll of vulnerability {unknown}
 f - 9 scrolls of remove curse
 h - 3 scrolls of teleportation
 j - 2 scrolls of noise {unknown}
 k - 11 scrolls of identify {unknown}
 q - 2 scrolls of immolation {unknown}
 r - 2 scrolls of magic mapping {unknown}
 t - 2 scrolls of amnesia {unknown}
 x - 2 scrolls of fog {unknown}
 y - a scroll of blinking {unknown}
 B - 2 scrolls of enchant weapon {unknown}
 D - 2 scrolls of silence {unknown}
 E - a scroll of fear {unknown}
Potions
 d - a potion of haste
 e - 2 potions of magic {unknown}
 i - 3 potions of lignification {unknown}
 l - 4 potions of heal wounds {unknown}
 m - 4 potions of brilliance {unknown}
 o - 4 potions of curing
 p - a potion of ambrosia {unknown}
 v - a potion of flight {unknown}
 w - a potion of cancellation {unknown}
 A - a potion of resistance {unknown}
 C - a potion of mutation {unknown}
 J - a potion of might {unknown}
Comestibles
 c - 9 rations


   Skills:
 + Level 9.4 Fighting
 + Level 11.8 Axes
 + Level 0.8(7.6) Maces & Flails
 + Level 5.7 Armour
 + Level 6.4 Dodging
 + Level 2.3(2.2) Stealth


You had 8 spell levels left.
You didn't know any spells.

Dungeon Overview and Level Annotations

Branches:
Dungeon (9/15)             Temple (0/1) D:5             Orc (0/2) D:9
   Lair: D:8-11

Altars:
Cheibriados
Hepliaklqana
Nemelex Xobeh
Okawaru
Trog
Vehumet
Wu Jian
Xom

Annotations:
D:9 bmj180's ghost, journeyman GrEE


Innate Abilities, Weirdness & Mutations

You reflexively headbutt those who attack you in melee.
You have a pair of horns on your head.


Message History

The shadow imp dies!
The blast of rock fragments hits you! The bullfrog hits you.
You hear a shout!
You hear a bark!
You hear a shout! x3
Found a stone staircase leading up.
The bullfrog hits you but does no damage.
Things that are here:
a mace of freezing; a robe You closely miss the bullfrog.
You headbutt the bullfrog, but do no damage.
The bullfrog is heavily wounded.
Bmj180's ghost points at the bullfrog and mumbles some strange words.
The wall shatters!
The blast of rock fragments hits you!
* * * LOW HITPOINT WARNING * * *
The bullfrog barely misses you. You furiously retaliate!
You headbutt the bullfrog. The bullfrog hits you.
* * * LOW HITPOINT WARNING * * *
Found a staircase to the Orcish Mines.
You feel yourself speed up. The bullfrog hits you!
You die...

#######........
#........######
.....
..#####)[######
..≈≈≈
####...[.....).†..#
..P♣≈.
>..............†..
..P≈≈.
....######..####.#
....P.# #.#
#.....<.....†#
....... #.#
#.####..###...
....l..##@# #.#
#..# #..#
.......)F.# #.#
#..# #.##
#......#.## #.#
#..# #..#
..$....#.#
#.####..# #.#.
#......#.#
#.......###.##
##.#...#)#
#..####.##†... #
#..##)#
##P..♣P......## #..
#.###P..≈≈♣≈...#.#
..<
#.##P♣.♣≈♣≈≈..P..#


You could see a bullfrog.

Vanquished Creatures
  Prince Ribbit (D:7)
  Sigmund (D:5)
  Edmund (D:6)
  A water moccasin (D:9)
  An orc warrior (D:8)
  An ice beast (D:6)
  A sky beast (D:5)
  A black bear (D:9)
  2 phantoms
  4 ogres
  2 bullfrogs (D:7)
  2 scorpions
  A wyvern skeleton (D:7)
  20 wights
  A howler monkey (D:7)
  A bullfrog zombie (D:7)
  3 jellies (D:4)
  7 crimson imps
  2 bullfrog skeletons
  A quasit (D:4)
  5 orc priests
  5 orc wizards
  A centaur skeleton (D:4)
  An iguana (D:6)
  7 worker ants
  6 adders
  A gnoll (D:1)
  8 oozes (D:4)
  3 worms (D:2)
  4 dart slugs
  3 leopard geckos
  21 orcs
  5 bats
  6 giant cockroaches
  11 goblins
  6 hobgoblins
  5 jackals
  3 quokkas
  A ball python (D:3)
  4 frilled lizards
  2 giant cockroach zombies (D:6)
  10 kobolds
  A leopard gecko zombie (D:8)
  A quokka skeleton (D:7)
  4 rats
  3 fungi (D:4)
181 creatures vanquished.

Vanquished Creatures (others)
  A shadow imp (D:9)
  12 toadstools (D:4)
13 creatures vanquished.

Grand Total: 194 creatures vanquished

Notes
Turn   | Place    | Note
-------+----------+-------------------------------------------
     0 | D:1      | t7DKbSm the Minotaur Berserker began the quest for the Orb.
     0 | D:1      | Reached XP level 1. HP: 19/19 MP: 0/0
   116 | D:1      | Reached XP level 2. HP: 17/27 MP: 1/1
   119 | D:1      | Reached skill level 4 in Axes
   499 | D:1      | Reached XP level 3. HP: 25/33 MP: 2/2
   995 | D:2      | Reached ** piety under Trog
  1056 | D:2      | Found a bloodstained altar of Trog.
  1077 | D:2      | Reached XP level 4. HP: 16/41 MP: 3/3
  1348 | D:2      | Reached skill level 5 in Axes
  2273 | D:3      | Reached XP level 5. HP: 18/47 MP: 4/4
  2530 | D:3      | Found a snail-covered altar of Cheibriados.
  2632 | D:4      | Noticed a phantom
  2656 | D:4      | Killed a phantom
  2656 | D:4      | Reached skill level 6 in Axes
  2790 | D:4      | Found a sparkling altar of Nemelex Xobeh.
  2795 | D:4      | Reached skill level 5 in Fighting
  2795 | D:4      | Reached XP level 6. HP: 45/56 MP: 5/5
  2854 | D:4      | Reached skill level 1 in Stealth
  2900 | D:4      | HP: 2/56 [acid (9)]
  3303 | D:4      | Reached *** piety under Trog
  3317 | D:4      | Found an iron altar of Okawaru.
  3383 | D:4      | Reached skill level 7 in Axes
  3626 | D:4      | Found a shimmering altar of Xom.
  3649 | D:4      | Reached XP level 7. HP: 54/61 MP: 6/6
  3902 | D:4      | Got a faintly humming ring mail
  3913 | D:4      | Identified the +3 ring mail of Dauwe {Str+3} (You found it on level 4 of the Dungeon)
  4211 | D:5      | Entered Level 5 of the Dungeon
  4262 | D:5      | Reached skill level 8 in Axes
  4262 | D:5      | Reached skill level 5 in Dodging
  4311 | D:5      | Reached XP level 8. HP: 61/71 MP: 7/7
  4388 | D:5      | Noticed Sigmund
  4394 | D:5      | Found a staircase to the Ecumenical Temple.
  4408 | D:5      | Killed Sigmund
  4789 | D:6      | Noticed Edmund
  4811 | D:6      | Killed Edmund
  4811 | D:6      | Reached skill level 9 in Axes
  4834 | D:6      | Got a brightly glowing leather armour
  4845 | D:6      | Identified the +0 leather armour "Atan" {rC+ MR+} (You found it on level 6 of the Dungeon)
  5438 | D:7      | Reached XP level 9. HP: 81/81 MP: 8/8
  5442 | D:7      | Found a hazy altar of Hepliaklqana.
  5507 | D:7      | Reached skill level 5 in Armour
  5541 | D:7      | Noticed Prince Ribbit
  5660 | D:7      | Reached **** piety under Trog
  5662 | D:7      | Reached skill level 10 in Axes
  5843 | D:7      | Killed Prince Ribbit
  6079 | D:8      | Got a flickering golden ring
  6080 | D:8      | Identified the ring "Duozeps" {rF+ Str+2 Dex+2} (You found it on level 8 of the Dungeon)
  6166 | D:8      | Reached skill level 11 in Axes
  6278 | D:8      | Found a radiant altar of Vehumet.
  6761 | D:9      | Found an ornate altar of the Wu Jian Council.
  6893 | D:9      | Noticed bmj180's ghost (journeyman GrEE)
  6898 | D:9      | Found a staircase to the Orcish Mines.
  6898 | D:9      | HP: 2/84 [bullfrog (4)]
  6899 | D:9      | Slain by a bullfrog

Skill      XL: |  1  2  3  4  5  6  7  8  9 |
---------------+----------------------------+-----
Fighting       | 4 5 6 8 9 |  9.4
Axes           | 4 5 6 7 8 9 11 | 11.8
Dodging        | 3 4 5 6 |  6.4
Stealth        | 1 2 |  2.3
Armour         | 3 4 5 |  5.7
Maces & Flails | |  0.8

Action                   |  1- 3 |  4- 6 |  7- 9 || total
-------------------------+-------+-------+-------++-------
Melee: Hand axe          |    84 |   111 |   152 ||   347
       Headbutt          |    10 |    25 |    48 ||    83
       Battleaxe         |       |       |   100 ||   100
       Dire flail        |       |       |     9 ||     9
  Use: Scroll            |       |     1 |     2 ||     3
       Potion            |       |     1 |     2 ||     3
 Stab: Sleeping          |       |       |     1 ||     1
  Eat: Chunk             |       |     5 |     5 ||    10
       Ration            |       |     1 |     2 ||     3
Armor: Animal skin       |    17 |    18 |     1 ||    36
       Ring mail         |       |       |    51 ||    51
Dodge: Dodged            |    52 |    78 |   155 ||   285
